 Dungeon Crawl Stone Soup version 0.30-a0-6-g7c9e10e132 (webtiles) character file.

Game seed: 6820500658195320202

3402 Sobieck the Cleaver (level 10, -17/51 HPs)
             Began as a Vine Stalker Fighter on Aug 22, 2022.
             Was a Priest of Cheibriados.
             Demolished by a two-headed ogre
             ... wielding a +0 giant spiked club
              (20 damage)
             ... on level 8 of the Dungeon.
             The game lasted 00:14:21 (6374 turns).

Sobieck the Cleaver (Vine Stalker Fighter)          Turns: 6374, Time: 00:14:22

Health: -17/51     AC: 11    Str: 31    XL:     10   Next: 4%
Magic:  0/20       EV:  9    Int: 15    God:    Cheibriados [***...]
Gold:   437        SH:  6    Dex: 20    Spells: 21/21 levels left

rFire   . . .      SeeInvis .    a - +0 war axe {axe}
rCold   + + .      Faith    .    c - +0 buckler
rNeg    + . .      Spirit   +    M - +1 chain mail {rC+}
rPois   .          Reflect  .    (no helmet)
rElec   .          Harm     .    v - +0 cloak
rCorr   .          Rampage  .    (no gloves)
Will    +....                    (no boots)
Stlth   ..........               F - amulet of magic regeneration {@e2}
HPRegen 0.97/turn                j - ring of protection from cold
MPRegen 0.57/turn                S - ring of positive energy

@: very slow
A: fangs 3, regeneration 1, magic shield, antimagic bite, no potion heal 2
a: Renounce Religion, Bend Time, Temporal Distortion


You were on level 8 of the Dungeon.
You worshipped Cheibriados.
Cheibriados was most pleased with you.
You visited 2 branches of the dungeon, and saw 9 of its levels.

You collected 437 gold pieces.


Innate Abilities, Weirdness & Mutations

You have razor-sharp teeth.
Your natural rate of healing is unusually fast.
When hurt, damage is shared between your health and your magic reserves.
Your bite disrupts and absorbs the magic of your enemies.
Potions cannot restore your health.


   Skills:
 - Level 5.0 Fighting
 - Level 9.0 Axes
 - Level 4.0 Armour
 - Level 1.0 Dodging
 - Level 5.0 Shields
 + Level 6.0 Spellcasting
 - Level 2.0 Invocations


You had 21 spell levels left.
You didn't know any spells.
Your spell library contained the following spells:

 Spells                   Type           Power      Damage    Failure   Level
 Apportation              Tloc           8%         N/A       65%         1
 Blink                    Tloc           8%         N/A       80%         2
 Static Discharge         Conj/Air       4%         3-4/arc   80%         2
 Lesser Beckoning         Tloc           4%         N/A       95%         3
 Alistair's Intoxication  Tmut/Pois      2%         N/A       100%        5
 Lightning Bolt           Conj/Air       2%         1d13      100%        5
 Manifold Assault         Tloc           4%         N/A       100%        5
 Maxwell's Capacitive Co  Air            2%         ∞         100%        8

Inventory:

Hand Weapons
 a - a +0 war axe (weapon) {axe}
 G - a +1 dagger of draining {short}
   (You took it off a kobold on level 3 of the Dungeon)
 L - a +2 vorpal spear {polearm}
   (You found it on level 3 of the Dungeon)
 Q - a +1 spear of flaming {polearm}
   (You took it off a gnoll sergeant on level 6 of the Dungeon)
Missiles
 b - 8 poisoned darts {throwing}
 f - a curare-tipped dart {=fthrowing}
 h - 72 stones (quivered) {throwing}
 J - 5 boomerangs {throwing}
 P - 5 atropa-tipped darts {throwing}
Armour
 c - a +0 buckler (worn)
 l - a +0 robe
   (You found it on level 4 of the Dungeon)
 n - a +0 leather armour
   (You found it on level 1 of the Dungeon)
 t - a scarf of harm
   (You found it on level 1 of the Dungeon)
 v - a +0 cloak (worn)
   (You found it on level 2 of the Dungeon)
 x - a +0 ring mail
   (You found it on level 2 of the Dungeon)
 B - a +0 robe
   (You found it on level 2 of the Dungeon)
 H - a +0 robe
   (You found it on level 3 of the Dungeon)
 M - a +1 chain mail of cold resistance (worn)
   (You took it off a hobgoblin on level 3 of the Dungeon)
 O - a +0 leather armour
   (You found it on level 3 of the Dungeon)
 R - a +0 robe
   (You found it on level 3 of the Dungeon)
 T - a +0 robe
   (You found it on level 4 of the Dungeon)
 U - a +0 leather armour
   (You took it off an orc on level 5 of the Dungeon)
 V - a +0 leather armour
   (You took it off an orc on level 5 of the Dungeon)
 W - a +0 chain mail
   (You took it off an orc on level 5 of the Dungeon)
 X - a +0 leather armour
   (You took it off an orc on level 5 of the Dungeon)
 Y - a +0 leather armour
   (You took it off an orc on level 5 of the Dungeon)
 Z - a +0 robe
   (You took it off an orc wizard on level 5 of the Dungeon)
Magical Staves
 A - a staff of conjuration {!a@e2staff}
   (You found it on level 2 of the Dungeon)
Jewellery
 e - an amulet of guardian spirit
   (You found it on level 1 of the Dungeon)
 g - a ring of fire
   (You found it on level 1 of the Dungeon)
 j - a ring of protection from cold (left hand)
   (You found it on level 1 of the Dungeon)
 F - an amulet of magic regeneration (around neck) {@e2}
   (You found it on level 3 of the Dungeon)
 S - a ring of positive energy (right hand)
   (You found it on level 3 of the Dungeon)
Wands
 p - a wand of charming (15)
   (You found it on level 6 of the Dungeon)
 q - a wand of mindburst (4)
   (You took it off Ijyb on level 5 of the Dungeon)
 y - a wand of flame (27)
   (You found it on level 2 of the Dungeon)
Scrolls
 i - 4 scrolls of poison {!r}
 D - 2 scrolls of teleportation {@r4}
 I - a scroll of immolation {!r!r}
 K - 2 scrolls of magic mapping {!r}
Potions
 d - 2 potions of might
 k - a potion of invisibility {unknown}
 m - a potion of heal wounds {unknown}
 o - 3 potions of mutation {!q}
 r - 2 potions of attraction {!q}
 s - 4 potions of degeneration {!q@e2}
 u - 4 potions of curing {@q1}
 w - a potion of lignification {!q}
 z - a potion of flight {unknown}
 C - 2 potions of berserk rage {unknown}
 E - a potion of resistance {unknown}
 N - a potion of ambrosia {unknown}

Dungeon Overview and Level Annotations

Branches:
Dungeon (8/15) Zot: 40269  Temple (1/1) D:4 Zot: 8967
   Lair: D:8-11

Altars:
Ashenzari
Cheibriados
Elyvilon
Makhleb
Nemelex Xobeh
Okawaru
Qazlal
Sif Muna
Trog
Vehumet
Yredelemnul
Zin

Shops:
D:1 :

Annotations:
D:2 1 runed translucent door, Crazy Yiuf
D:5 3 runed translucent doors, Setbun's ghost, novice DjCA

..#.###......#
......#......#
.#..#.#......#
.#....#.#.##.# ##
.#....#.#.##.####.####
.#...................###
.#..#...................
.#..#.######.........#
.####†##########@O.#.#
................S......#
#####....#######.#.#S..#
...........#.....#.# ...
########.........#.# ..
#..##...#####.# # #
#...#.........#
#....s#.######.
.#.............


You could see a two-headed ogre and 2 water moccasins.


Message History

Unknown command.
You block the bullfrog's attack. The bullfrog attacks as you move away!
The bullfrog hits you but does no damage.
You block the bullfrog's attack.
The bullfrog hits you but does no damage.
The yak attacks as you move away! The yak gores you! The bullfrog hits you.
You block the yak's attack. The bullfrog attacks as you move away!
The bullfrog hits you. x2
The yak gores you but does no damage. You block the bullfrog's attack.
The bullfrog attacks as you move away! The bullfrog completely misses you.
The bullfrog hits you but does no damage.
Unknown command.
You barely miss the bullfrog. The bullfrog hits you.
The bullfrog barely misses you.
You closely miss the bullfrog. Your bite misses the bullfrog.
The bullfrog hits you but does no damage.
You slash the bullfrog! Your bite misses the bullfrog.
The bullfrog hits you but does no damage.
The bullfrog closely misses you.
Unknown command.
You barely miss the bullfrog. You bite the bullfrog. You drain its power.
You feel invigorated. You block the bullfrog's attack.
You completely miss the bullfrog. Your bite misses the bullfrog.
You block the bullfrog's attack. The bullfrog barely misses you.
You barely miss the bullfrog. You bite the bullfrog.
You kill the bullfrog!
Cheibriados thoroughly appreciates the change of pace.
The water moccasin bites you.
You are poisoned.
The water moccasin poisons you!
You hit the water moccasin but do no damage.
You bite the water moccasin! You drain its power.
You feel invigorated.
You feel sick. The water moccasin bites you.
You slash the water moccasin!
You feel sick. You block the water moccasin's attack.
The water moccasin bites you.
You slash the water moccasin!
You kill the water moccasin!
Cheibriados thoroughly appreciates the change of pace.
You feel sick.
Your Spellcasting skill increases to level 5!
You hit the yak but do no damage. You bite the yak! You drain its power.
You feel invigorated.
You feel sick. The yak gores you. The yak gores you!
Unknown command.
You slash the yak!
You feel sick. The yak misses you.
You slash the yak! You bite the yak.
You kill the yak!
Cheibriados thoroughly appreciates the change of pace.
You feel sick.
You have reached level 10!
You slash the scorpion! You bite the scorpion. You drain its power.
You feel invigorated. The scorpion barely misses you.
You closely miss the scorpion.
You feel sick. The scorpion stings you.
The scorpion stings you but does no damage.
You barely miss the scorpion.
You feel sick. The scorpion stings you.
* * * LOW HITPOINT WARNING * * *
You slash the scorpion!
You kill the scorpion!
Cheibriados thoroughly appreciates the change of pace.
Your Spellcasting skill increases to level 6!
Unknown command.
You start resting.
You feel sick.
You are no longer poisoned.
You start resting.
You start resting.
Unknown command.
Unknown command.
A water moccasin comes into view.
The water moccasin hisses angrily.
Danger!
You block the water moccasin's attack. x2
A two-headed ogre comes into view.
It is wielding a +0 giant spiked club and a +0 giant club.
The water moccasin closely misses you.
You closely miss the water moccasin.
The two-headed ogre shouts in stereo!
You bite the water moccasin! You drain its power.
The water moccasin barely misses you.
You completely miss the water moccasin. Your bite misses the water moccasin.
The water moccasin bites you. You block the water moccasin's attack.
You miss the water moccasin. Your bite misses the water moccasin.
You block the water moccasin's attack.
The two-headed ogre hits you with a +0 giant spiked club!!!
Ouch! That really hurt!
* * * LOW HITPOINT WARNING * * *
The two-headed ogre hits you with a +0 giant club.
* * * LOW HITPOINT WARNING * * *
You hear an angry hiss.
You slash the two-headed ogre!
You bite the two-headed ogre, but do no damage.
You hit the water moccasin.
The water moccasin barely misses you. x2
Unknown command.
The flow of time bends around you.
Cheibriados rebukes the water moccasin.
The water moccasin seems to slow down.
The two-headed ogre resists with some effort.
A water moccasin comes into view.
The two-headed ogre hits you with a +0 giant spiked club!!
* * * LOW HITPOINT WARNING * * *
The two-headed ogre hits you with a +0 giant club!!
You die...

Skill      XL: |  1  2  3  4  5  6  7  8  9 10 |
---------------+-------------------------------+-----
Axes           | 2 3 4 6 9 |  9.0
Shields        | 3 5 |  5.0
Spellcasting   | 1 2 5 6 |  6.0
Fighting       | 3 5 |  5.0
Dodging        | 1 |  1.0
Armour         | 3 4 |  4.0
Invocations    | 2 |  2.0

Action                   |  1- 3 |  4- 6 |  7- 9 | 10-12 || total
-------------------------+-------+-------+-------+-------++-------
Melee: War axe           |    51 |   175 |   279 |     8 ||   513
       Bite              |    10 |    39 |    74 |     3 ||   126
Throw: Stone             |       |       |     4 |       ||     4
Invok: Bend Time         |       |       |     1 |     1 ||     2
  Use: Scroll            |       |     7 |     7 |       ||    14
Armor: Scale mail        |    35 |    49 |       |       ||    84
       Chain mail        |       |    23 |   199 |     1 ||   223
Dodge: Dodged            |    26 |    77 |   141 |     5 ||   249
Block: Buckler           |    15 |    51 |    76 |     4 ||   146

Levels and vault maps discovered:
D:1:      roderic_crop_circles_arrival_large, layout_basic,
          nicolae_shop_vocational
D:2:      layout_loops_ring, minmay_circle_x, uniq_natasha,
          uniq_crazy_yiuf_cottage
D:3:      minmay_recursive_quarters, layout_basic, grunt_ministairs_11,
          roderic_roman_lattice, hangedman_decor_clover_reticule,
          lemuel_flame_loot_1
D:4:      layout_cave_pods, vehumet_altar_wand_db, okawaru_metal_pillars_1_2,
          minmay_temple_entry_tees
D:5:      layout_cave_pools, nzn_overflow_gifts_of_might_and_magic,
          yredelemnul_forgotten_temple_becter, general_overflow_altar,
          lightli_temple_of_fire, ebering_ghost_rock_garden,
          minmay_misc_feat_five, kennysheep_generic_room_9, uniq_blork_the_orc,
          uniq_ijyb
D:6:      layout_cave_pods, minivault_27, nicolae_figureground_sparkle
D:7:      layout_rooms
D:8:      layout_basic, due_lair_maze_entry_diamond, serial_shops,
          nicolae_shop_hallway_plus, dreamdust_mushroom_princess,
          minmay_small_thing
Temple:   ebering_untended_altars

Notes
Turn   | Place    | Note
-------+----------+-------------------------------------------
     0 | D:1      | Sobieck the Vine Stalker Fighter began the quest for the
                  | Orb.
     0 | D:1      | Reached XP level 1. HP: 11/11 MP: 2/2
    50 | D:1      | Reached skill level 2 in Axes
    50 | D:1      | Reached XP level 2. HP: 16/16 MP: 3/3
   234 | D:1      | Reached XP level 3. HP: 19/19 MP: 4/4
   289 | D:1      | Found Buavusa's Vocational Training.
   968 | D:2      | Noticed Natasha
   974 | D:2      | Killed Natasha
   975 | D:2      | Reached skill level 3 in Shields
   975 | D:2      | Reached skill level 1 in Spellcasting
   975 | D:2      | Gained mutation: Your natural rate of healing is unusually
                  | fast. [Vine Stalker growth]
   975 | D:2      | Reached XP level 4. HP: 11/23 MP: 1/6
  1086 | D:2      | Reached skill level 3 in Fighting
  1102 | D:2      | You pick up a book of Lightning and begin reading...
  1102 | D:2      | You add the spells Static Discharge, Lightning Bolt and
                  | Maxwell's Capacitive Coupling to your library.
  1201 | D:2      | Noticed Natasha
  1212 | D:2      | HP: 4/24 [Natasha (4)]
  1215 | D:2      | Killed Natasha
  1216 | D:2      | Reached skill level 1 in Dodging
  1320 | D:2      | Reached skill level 3 in Axes
  1320 | D:2      | Reached XP level 5. HP: 23/28 MP: 4/8
  1374 | D:2      | Noticed Natasha
  1385 | D:2      | Killed Natasha
  1766 | D:2      | Found a runed translucent door.
  1767 | D:2      | Noticed Crazy Yiuf
  2011 | D:3      | Reached skill level 3 in Armour
  2224 | D:3      | Reached XP level 6. HP: 32/32 MP: 9/9
  2242 | D:3      | Reached skill level 2 in Spellcasting
  2840 | D:4      | Found a staircase to the Ecumenical Temple.
  2850 | Temple   | Entered the Ecumenical Temple
  2862 | Temple   | Became a worshipper of Cheibriados the Contemplative
  3008 | D:4      | Found a radiant altar of Vehumet.
  3021 | D:4      | Reached skill level 4 in Axes
  3236 | D:4      | Found an iron altar of Okawaru.
  3748 | D:5      | Entered Level 5 of the Dungeon
  3835 | D:5      | Reached XP level 7. HP: 34/36 MP: 11/11
  3845 | D:5      | Reached skill level 5 in Axes
  3848 | D:5      | HP: 9/36 [something/puff of flame (4)]
  3855 | D:5      | HP: 9/36 [orc/+0 whip (3)]
  3946 | D:5      | Found a runed translucent gate.
  3954 | D:5      | Reached * piety under Cheibriados
  3957 | D:5      | Found a runed translucent gate.
  3957 | D:5      | Found a runed translucent gate.
  3958 | D:5      | Noticed Setbun's ghost (novice DjCA)
  3974 | D:5      | Found a glowing silver altar of Zin.
  3975 | D:5      | Noticed Blork the orc
  3992 | D:5      | Killed Blork the orc
  4015 | D:5      | Reached skill level 6 in Axes
  4105 | D:5      | Noticed Ijyb
  4120 | D:5      | Killed Ijyb
  4171 | D:5      | Gained mutation: You have razor-sharp teeth. [Vine Stalker
                  | growth]
  4171 | D:5      | Reached XP level 8. HP: 40/40 MP: 12/12
  4250 | D:5      | Found a burning altar of Makhleb.
  4348 | D:5      | Reached skill level 7 in Axes
  4357 | D:5      | Found a shimmering blue altar of Sif Muna.
  4366 | D:5      | Got Sif Muna's Almanac of Coordinates
  4462 | D:5      | Found a bloodstained altar of Trog.
  4520 | D:5      | Found a basalt altar of Yredelemnul.
  4719 | D:6      | Reached skill level 8 in Axes
  4852 | D:6      | Reached skill level 9 in Axes
  4991 | D:6      | Reached ** piety under Cheibriados
  5000 | D:6      | You pick up a book of Party Tricks and begin reading...
  5000 | D:6      | You add the spells Apportation and Alistair's Intoxication
                  | to your library.
  5149 | D:6      | Reached XP level 9. HP: 32/44 MP: 9/13
  5315 | D:6      | You pick up a book of Spatial Translocations and begin
                  | reading...
  5315 | D:6      | You add the spells Lesser Beckoning and Manifold Assault to
                  | your library.
  5384 | D:6      | Reached skill level 1 in Invocations
  5720 | D:7      | Reached skill level 4 in Shields
  5720 | D:7      | Reached skill level 3 in Spellcasting
  5732 | D:7      | HP: 11/45 [kobold brigand/+0 short sword (4)]
  5734 | D:7      | Reached skill level 4 in Fighting
  5815 | D:7      | Reached skill level 2 in Invocations
  5825 | D:7      | Reached *** piety under Cheibriados
  5952 | D:7      | Reached skill level 4 in Armour
  6240 | D:8      | Killed an unseen horror
  6241 | D:8      | Reached skill level 4 in Spellcasting
  6289 | D:8      | Reached skill level 5 in Fighting
  6289 | D:8      | Reached skill level 5 in Shields
  6322 | D:8      | Reached skill level 5 in Spellcasting
  6325 | D:8      | Reached XP level 10. HP: 26/51 MP: 14/19
  6329 | D:8      | Reached skill level 6 in Spellcasting
  6369 | D:8      | Noticed a two-headed ogre
  6374 | D:8      | HP: 3/51 [two-headed ogre/+0 giant spiked club (19)]
  6374 | D:8      | Demolished by a two-headed ogre

Vanquished Creatures
  An unseen horror (D:8)
  2 wyverns
  A yak (D:8)
  A water moccasin (D:8)
  An orc warrior (D:5)
  2 ice beasts
  2 black bears (D:6)
  2 phantoms
  A centaur (D:5)
  2 kobold brigands (D:7)
  Blork the orc (D:5)
  3 necrophages
  3 bullfrogs
  A gnoll sergeant (D:6)
  5 scorpions
  A howler monkey (D:7)
  A gnoll bouda (D:6)
  2 hounds (D:5)
  2 jellies
  3 orc priests (D:6)
  5 iguanas
  Ijyb (D:5)
  Natasha (thrice) (D:2)
  5 orc wizards
  10 adders
  9 gnolls
  2 white imps (D:5)
  An ufetubus (D:6)
  A dart slug (D:2)
  24 orcs
  4 endoplasms
  5 giant cockroaches
  5 goblins
  11 hobgoblins
  2 jackals (D:3)
  14 kobolds
  4 quokkas
  3 ball pythons
  11 bats
  5 frilled lizards
  2 rats
  A spectral orc (D:5)
165 creatures vanquished.

Vanquished Creatures (others)
  An adder (D:3)
  36 fungi (D:8)
  40 plants
77 creatures vanquished.

Grand Total: 242 creatures vanquished

Table legend:
 A = Non-vault XP
 B = Vault XP
 C = Vault XP percentage of total XP
 D = Non-vault monster count
 E = Vault monster count
 F = Vault count percentage of total count
                 A         B        C        D         E       F
            +---------+---------+-------+---------+---------+-------
      Total |    3842 |    1018 |  20.9 |     142 |      23 |  13.9
            +---------+---------+-------+---------+---------+-------
        D:1 |      43 |       0 |   0.0 |      19 |       0 |   0.0
        D:2 |     143 |      40 |  21.9 |      16 |       4 |  20.0
        D:3 |      69 |     146 |  67.9 |      22 |       9 |  29.0
        D:4 |     136 |       2 |   1.4 |       6 |       1 |  14.3
        D:5 |     749 |     307 |  29.1 |      23 |       5 |  17.9
        D:6 |    1073 |       0 |   0.0 |      28 |       0 |   0.0
        D:7 |     880 |       0 |   0.0 |      25 |       0 |   0.0
        D:8 |     749 |     523 |  41.1 |       3 |       4 |  57.1
            +---------+---------+-------+---------+---------+-------

Illustrated notes

Table legend:
 A = Kills in this place as a percentage of kills in entire the game.
 B = Kills by you in this place as a percentage of kills by you in the entire game.
 C = Kills by friends in this place as a percentage of kills by friends in the entire game.
 D = Other kills in this place as a percentage of other kills in the entire game.
 E = Experience gained in this place as a percentage of experience gained in the entire game.
 F = Experience gained in this place divided by the number of levels of this place that you have seen.
                   A       B       C       D       E      F
               +-------+-------+-------+-------+-------+----------------------
         Total | 100.0 | 100.0 |   N/A |   N/A | 100.0 | 540.0
       Dungeon | 100.0 | 100.0 |   N/A |   N/A | 100.0 | 607.5
               +-------+-------+-------+-------+-------+----------------------

Table legend: (Time is in decaauts)
 A = Elapsed time spent in this place.
 B = Non-inter-level travel time spent in this place.
 C = Inter-level travel time spent in this place.
 D = Time resting spent in this place.
 E = Time spent auto-exploring this place.
 F = Levels seen in this place.
 G = Mean time per level.
                   A        B        C        D        E       F      G
               +--------+--------+--------+--------+--------+-----+--------+
         Total |   7629 |   7294 |    335 |    300 |   5589 |   9 |  847.7 |
       Dungeon |   7602 |   7280 |    322 |    300 |   5587 |   8 |  950.2 |
        Temple |     26 |     14 |     12 |      0 |      2 |   1 |   26.0 |
               +--------+--------+--------+--------+--------+-----+--------+

Top non-repeatable levels by time:
     D:6: 1362 daAuts
     D:5: 1211 daAuts
     D:4: 1156 daAuts
     D:3: 1027 daAuts
     D:2: 981 daAuts
     D:1: 893 daAuts
     D:7: 739 daAuts
     D:8: 230 daAuts
  Temple: 26 daAuts
